 Dungeon Crawl Stone Soup version 0.29-a0-323-g050149af67 (webtiles) character file.

Game seed: 8679824124596873918

9 rageheart7 the Slasher (level 2, 22/23 HPs)
             Began as a Demonspawn Gladiator on Apr 10, 2022.
             Quit the game on level 1 of the Dungeon.
             The game lasted 00:00:53 (498 turns).

rageheart7 the Slasher (Demonspawn Gladiator)        Turns: 498, Time: 00:00:53

Health: 22/23      AC:  4    Str: 14    XL:     2   Next: 3%
Magic:  2/2        EV: 12    Int:  9    God:
Gold:   40         SH:  0    Dex: 14    Spells: 1/1 levels left

rFire   . . .      SeeInvis .   a - +0 long sword
rCold   . . .      Faith    .   (no shield)
rNeg    . . .      Spirit   .   b - +0 leather armour
rPois   .          Reflect  .   c - +0 helmet
rElec   .          Harm     .   (no cloak)
rCorr   .          Rampage  .   (no gloves)
Will    .....                   (no boots)
Stlth   +.........              (no amulet)
HPRegen 0.07/turn               (no ring)
MPRegen 0.16/turn               (no ring)

@: no status effects
A: magic regeneration
a: no special abilities


You were on level 1 of the Dungeon.
You visited 1 branch of the dungeon, and saw 1 of its levels.

You collected 40 gold pieces.

Inventory:

Hand Weapons
 a - a +0 long sword (weapon)
Missiles
 d - 3 throwing nets (quivered)
 e - a javelin
Armour
 b - a +0 leather armour (worn)
 c - a +0 helmet (worn)
 f - a +0 pair of gloves
Scrolls
 g - 2 scrolls of teleportation {unknown}
 h - a scroll of acquirement {unknown}


   Skills:
 * Level 2.4 Fighting
 * Level 3.0 Long Blades
 - Level 1.7 Throwing
 - Level 2.6 Dodging


You had one spell level left.
You didn't know any spells.
Your spell library was empty.

Dungeon Overview and Level Annotations

Branches:
Dungeon (1/15)

Altars:


Innate Abilities, Weirdness & Mutations

You regenerate magic rapidly.


Message History

Key pressed, stopping explore.
No target in view!
You now have 40 gold pieces (gained 13).
A bat comes into view.
A bat is nearby!
A bat is nearby!
Found 5 poisoned darts.
A bat is nearby!
You hit the bat but do no damage. The bat closely misses you.
The bat hits you but does no damage.
A bat is nearby!
You slash the bat!
You kill the bat!
You have reached level 2!
Your demonic ancestry asserts itself...
Your magic begins to regenerate rapidly.
A goblin comes into view. It is wielding a +0 dagger.
Found an emerald potion.
A goblin is nearby!
You hit the goblin.
The goblin is moderately wounded.
The goblin hits you but does no damage. The goblin barely misses you.
You hit the goblin but do no damage.
The goblin is moderately wounded.
The goblin hits you with a +0 dagger.
You slash the goblin!
You kill the goblin!
No target in view!
No target in view!
No target in view!
No target in view!
No target in view!
No target in view!
No target in view!
No target in view!
No target in view!
No target in view!
No target in view!
No target in view!
Are you sure you want to abandon this character and quit the game? (Confirm with "yes".)

###################
.........!........#
.........(........#
..................#
................).+
................@.#
..###.............#
#.## ...........#
#..##.............#
##.##.............#
#..#.#####.......#
##.#.............#
#.#...(.....)...#
#.#.............#


There were no monsters in sight!

Vanquished Creatures
  A giant cockroach (D:1)
  2 goblins (D:1)
  A hobgoblin (D:1)
  A quokka (D:1)
  A bat (D:1)
  A frilled lizard (D:1)
  A kobold (D:1)
  A rat (D:1)
9 creatures vanquished.

Notes
Turn   | Place    | Note
-------+----------+-------------------------------------------
     0 | D:1      | rageheart7 the Demonspawn Gladiator began the quest for the
                  | Orb.
     0 | D:1      | Reached XP level 1. HP: 16/16 MP: 1/1
   409 | D:1      | Reached skill level 3 in Long Blades
   491 | D:1      | Gained mutation: You regenerate magic rapidly. [demonic
                  | ancestry]
   491 | D:1      | Reached XP level 2. HP: 23/23 MP: 2/2
   498 | D:1      | Quit the game

Illustrated notes

Levels and vault maps discovered:
D:1:      dpeg_arrival_chambers_temple_mockup, layout_basic

Skill      XL: |  1 |
---------------+----+-----
Long Blades    | 3 |  3.0
Fighting       | |  2.4
Throwing       | |  1.7
Dodging        | |  2.6

Action                   || total
-------------------------++-------
Melee: Long sword        ||    37
  Use: Scroll            ||     1
Armor: Leather armour    ||    11
Dodge: Dodged            ||    31

Table legend: (Time is in decaauts)
 A = Elapsed time spent in this place.
 B = Non-inter-level travel time spent in this place.
 C = Inter-level travel time spent in this place.
 D = Time resting spent in this place.
 E = Time spent auto-exploring this place.
 F = Levels seen in this place.
 G = Mean time per level.
                   A        B        C        D        E       F      G
               +--------+--------+--------+--------+--------+-----+--------+
         Total |    507 |    497 |     10 |      0 |    411 |   1 |  507.0 |
       Dungeon |    507 |    497 |     10 |      0 |    411 |   1 |  507.0 |
               +--------+--------+--------+--------+--------+-----+--------+

Top non-repeatable levels by time:
     D:1: 507 daAuts
